cohdb
Replays
Latest Replays
All Replays
Popular Replays
Top Player Replays
Match Explorer
How It Works
Community
CoH3 Stats
Reddit
Sign in to upload your games and track your stats! →
Sign in with Steam
Match 29601465
Unlisted
Match 29601465
Overview
Messages
Build Orders
End
Panzergrenadier Squad
Selects Armored Support Battlegroup
Panzergrenadier Squad
Construct Light Support Kompanie
MG34 Team
Fire Support Elements
le.IG 18 Support Gun Team
Selects Veteran Gunners
le.IG 18 Support Gun Team
Construct Panzerarmee Kommand
Panzer III L Medium Tank
Panzer III L Medium Tank
Panzerjäger Squad
Advanced Field Repairs
Armored Reserves
fredo_gaut_72
Profile
FD5797
iAinEng
HURON
Joon
Iracnats
Brazuca
0
0
Comments
sign in to comment!
No comments posted yet!